 Dungeon Crawl Stone Soup version 0.29.1-1-gd02db6906a (webtiles) character file.

Game seed: 5031171437927084526

95 dave1331 the Covered (level 4, -18/29 HPs)
             Began as a Gargoyle Fighter on Oct 4, 2022.
             Demolished by an ogre
             ... wielding a +0 giant club
              (19 damage)
             ... on level 4 of the Dungeon.
             The game lasted 00:05:20 (3173 turns).

dave1331 the Covered (Gargoyle Fighter)             Turns: 3173, Time: 00:05:21

Health: -18/29     AC: 10    Str: 21    XL:     4   Next: 65%
Magic:  4/4        EV: 13    Int:  9    God:
Gold:   178        SH:  4    Dex:  9    Spells: 3/3 levels left

rFire   + . .      SeeInvis .   a - +0 flail
rCold   + . .      Faith    .   c - +0 buckler
rNeg    + . .      Spirit   .   b - +0 scale mail
rPois   ∞          Reflect  .   (no helmet)
rElec   +          Harm     .   j - scarf {rC+ rF+}
rCorr   +          Rampage  .   (no gloves)
Will    .....                   (no boots)
Stlth   ..........              (no amulet)
HPRegen 0.09/turn               g - ring of resist corrosion
MPRegen 0.09/turn               p - +4 ring of evasion

@: no status effects
A: sickness immunity, AC +3, negative energy resistance 1, electricity
resistance, torment resistance 1, petrification resistance
a: no special abilities


You were on level 4 of the Dungeon.
You visited 1 branch of the dungeon, and saw 4 of its levels.

You collected 178 gold pieces.

Inventory:

Hand Weapons
 a - a +0 flail (weapon)
Armour
 b - a +0 scale mail (worn)
 c - a +0 buckler (worn)
 j - a scarf of resistance (worn)
Jewellery
 g - a ring of resist corrosion (left hand)
 k - a ring of resist corrosion
 n - a ring of protection from fire
 p - a +4 ring of evasion (right hand)
 r - an amulet of the acrobat
 s - a ring of ice
Scrolls
 e - 3 scrolls of identify {unknown}
 f - a scroll of enchant weapon {unknown}
Potions
 d - a potion of might
 h - 3 potions of heal wounds {unknown}
 i - a potion of brilliance {unknown}
 l - a potion of lignification {unknown}
 m - a potion of mutation {unknown}
 o - 2 potions of resistance {unknown}
 q - 2 potions of flight {unknown}


   Skills:
 + Level 3.6 Fighting
 + Level 3.2 Maces & Flails
 + Level 4.1 Armour
 + Level 0.6 Dodging
 + Level 3.6 Shields


You had 3 spell levels left.
You didn't know any spells.
Your spell library contained the following spells:

 Spells                   Type           Power      Damage    Failure   Level
 Sandblast                Erth           0%         2d4       80%         1
 Passwall                 Tmut/Erth      0%         N/A       91%         2
 Stone Arrow              Conj/Erth      0%         3d7       99%         3


Dungeon Overview and Level Annotations

Branches:
Dungeon (4/15)
 Temple: D:4-7

Altars:


Innate Abilities, Weirdness & Mutations

You are immune to sickness and miasma.
Your stone body is resilient. (AC +3)
You are immune to poison.
You resist negative energy. (rN+)
You are resistant to electric shocks. (rElec)
You are resistant to unholy torment.
You are immune to petrification.


Message History

The howler monkey hits you but does no damage.
You block the ogre's attack. The hobgoblin hits you.
The howler monkey hoots and howls with incredible vigour!
You hear an angry hiss. x2
The ogre barely misses you. The howler monkey barely misses you.
The howler monkey attacks as you move away!
You block the howler monkey's attack.
The howler monkey hoots and howls with incredible vigour!
You hear an angry hiss.
You hear a shout!
An adder comes into view.
The howler monkey hits you.
* * * LOW HITPOINT WARNING * * *
The howler monkey attacks as you move away!
The howler monkey hits you.
* * * LOW HITPOINT WARNING * * *
A kobold comes into view. It is wielding a +0 short sword.
You block the howler monkey's attack.
You hear the slow hiss of a very distant avalanche of sand.
The kobold shouts!
You block the howler monkey's attack.
You barely miss the kobold. You block the howler monkey's attack.
The kobold hits you with a +0 short sword.
* * * LOW HITPOINT WARNING * * *
You block the hobgoblin's attack.
You closely miss the kobold. The howler monkey misses you.
The kobold hits you but does no damage.
The hobgoblin hits you but does no damage.
You block the howler monkey's attack. The hobgoblin misses you.
The kobold hits you but does no damage.
You barely miss the kobold.
The howler monkey hoots and howls with incredible vigour!
You block the ogre's attack. The kobold hits you but does no damage.
The hobgoblin barely misses you. The howler monkey hits you.
* * * LOW HITPOINT WARNING * * *
You closely miss the kobold. The kobold barely misses you.
The hobgoblin barely misses you.
The ogre hits you with a +0 giant club!!
Ouch! That really hurt!
You die...

#.. ###....# ......
#.####.....####......
#..#....S............
#...................
#..................
##...).....########.
##..######### ##.Shg#
##..#O@# ##..###K.#
##..## #..# ##..##
.#..# ..###
##..#........#
......#..##........#
#.....<## .......#.
###...## .......#.#
###. ......#


You could see an ogre, a howler monkey, an adder, a hobgoblin and a kobold.

Vanquished Creatures
  4 worms
  A dart slug (D:2)
  6 orcs (D:3)
  9 ball pythons
  4 bats
  5 endoplasms
  A giant cockroach (D:1)
  8 goblins
  6 hobgoblins
  7 quokkas
  6 frilled lizards
  7 kobolds
  7 rats
71 creatures vanquished.

Notes
Turn   | Place    | Note
-------+----------+-------------------------------------------
     0 | D:1      | dave1331 the Gargoyle Fighter began the quest for the Orb.
     0 | D:1      | Reached XP level 1. HP: 14/14 MP: 1/1
   226 | D:1      | Reached XP level 2. HP: 19/19 MP: 2/2
   752 | D:1      | Reached XP level 3. HP: 10/23 MP: 3/3
  1289 | D:1      | Found a faded altar of an unknown god.
  1858 | D:2      | Reached skill level 4 in Armour
  1943 | D:2      | Reached XP level 4. HP: 28/28 MP: 4/4
  3148 | D:4      | Noticed an ogre
  3172 | D:4      | HP: 1/29 [howler monkey (1)]
  3173 | D:4      | Demolished by an ogre

Illustrated notes

Levels and vault maps discovered:
D:1:      dpeg_arrival_prison, layout_rooms,
          hellmonk_ecumenical_altar_inner_sanctum
D:2:      layout_rooms, minmay_liquid_box, chequers_serial_rivers_room_a,
          palyth_stone_intersect, minmay_misc_feat_roman, minmay_small_reverse_x
D:3:      layout_rooms, serial_glass, glass_columns_a, glass_columns_a
D:4:      minmay_razor_zed, layout_cave_pods, enter_ossuary_3, glass_columns_a

Skill      XL: |  1  2  3 |
---------------+----------+-----
Armour         | 4 |  4.1
Maces & Flails | 3 |  3.2
Fighting       | |  3.6
Dodging        | |  0.6
Shields        | |  3.6

Action                   |  1- 3 |  4- 6 || total
-------------------------+-------+-------++-------
Melee: Flail             |   163 |    75 ||   238
Armor: Scale mail        |   115 |    44 ||   159
Dodge: Dodged            |   121 |    60 ||   181
Block: Buckler           |    46 |    29 ||    75
